 Dungeon Crawl Stone Soup version 0.18-a0-1485-g189885c (webtiles) character file.

7688 MDvedh the Cruncher (level 11, -4/91 HPs)
             Began as a Minotaur Gladiator on Mar 3, 2016.
             Was an Initiate of Gozag.
             Slain by a killer bee (12 damage)
             ... on level 9 of the Dungeon.
             The game lasted 00:18:58 (10228 turns).

MDvedh the Cruncher (Minotaur Gladiator)           Turns: 10228, Time: 00:18:58

Health: -4/91      AC: 16    Str: 22    XL:     11   Next: 0%
Magic:  10/10      EV: 11    Int:  5    God:    Gozag
Gold:   1203       SH:  0    Dex: 16    Spells: 0 memorised, 10 levels left

rFire  + . .     SeeInvis .     a - +1 quarterstaff
rCold  . . .     Gourm    .     v - +0 plate armour
rNeg   . . .     Faith    .     (shield currently unavailable)
rPois  .         Spirit   .     c - +0 hat
rElec  .         Dismiss  .     (no cloak)
rCorr  .         Reflect  .     (no gloves)
SustAt .         Harm     .     b - +1 pair of boots
MR     .....                    (no amulet)
Stlth  ..........               q - +4 ring of dexterity
                                l - ring of protection from fire

@: lethally poisoned (-4 -> -8), gold aura, not resistant to hostile
enchantments, extremely unstealthy
A: retaliatory headbutt, horns 2
a: Potion Petition, Call Merchant, Bribe Branch, Renounce Religion


You were on level 9 of the Dungeon.
You worshipped Gozag.
Gozag was noncommittal.
You were hungry.

You visited 2 branches of the dungeon, and saw 10 of its levels.
You also visited: Sewer.

You collected 1303 gold pieces.
You paid 100 gold pieces to Gozag.

Inventory:

Hand Weapons
 a - a +1 quarterstaff (weapon)
Missiles
 h - 3 throwing nets (quivered)
Armour
 b - a +1 pair of boots (worn)
 c - a +0 hat (worn)
 v - a +0 plate armour (worn)
Jewellery
 l - a ring of protection from fire (left hand)
 q - a +4 ring of dexterity (right hand)
 u - an uncursed ring of flight
Wands
 e - a wand of paralysis (22/24)
 m - a wand of flame (16/48)
 C - a wand of flame (21/48)
 K - a wand of acid (5/15)
Scrolls
 g - 2 scrolls of magic mapping
 i - 2 scrolls of immolation
 k - 5 scrolls of remove curse
 s - a scroll of enchant armour
 x - 2 scrolls of teleportation
 z - 4 scrolls of recharging
 A - 2 scrolls of enchant weapon
Potions
 d - a potion of heal wounds
 j - a potion of might
 E - a potion of curing
 G - a potion of agility
 J - a potion of mutation {unknown}
Comestibles
 f - 9 bread rations
 t - 13 fruits
 H - 8 royal jellies


   Skills:
 + Level 6.5 Fighting
 - Level 14.0 Staves
 - Level 2.0 Throwing
 + Level 9.3 Armour
 + Level 9.1 Dodging


You had 10 spell levels left.
You didn't know any spells.

Dungeon Overview and Level Annotations

Branches:
Dungeon (9/15)             Temple (0/1) D:6            Lair (1/8) D:9
    Orc: D:9-12

Altars:
Ashenzari
Elyvilon
Fedhas
Gozag
Makhleb
Nemelex Xobeh
Okawaru
Qazlal
Ru
Sif Muna
Trog
Vehumet
Yredelemnul
Zin
The Shining One

Annotations:
D:5 exclusion: oklob plant


Innate Abilities, Weirdness & Mutations

You reflexively headbutt those who attack you in melee.
You have a pair of horns on your head.


Message History

Unknown command.
Your plate armour prevents you from hitting the killer bee.
Your headbutt misses the killer bee.
The killer bee is moderately wounded.
The killer bee stings you.
* * * LOW HITPOINT WARNING * * *
The killer bee stings you but does no damage.
Unknown command.
You hit the killer bee.
The killer bee is moderately wounded.
The killer bee misses you. You furiously retaliate!
You headbutt the killer bee. The killer bee stings you!
* * * LOW HITPOINT WARNING * * *
You are poisoned.
The killer bee poisons you!
You sock the killer bee!
The killer bee is severely wounded.
You feel sick. The killer bee stings you!
You die...
Your body crumbles into a pile of gold.

#...............P.P.........#
######'###....P.............#
######.#....P...P.P....######
##......P..P..PPPPPP.P..P###
##.###.P..P.PPPP.PPP.......#
#........P.PP.P.P.PP.P.P...#
#.....P.P..PP.PPP.....P.PP.#
#.......P...PP$yPPP.PP.....#
#.......PPP)P.PP@P.PPP.....#
#.....P..P..PPPPP...P.).P..#
#........PPP.PP.P.PP.P...).#
#.........PPP)P..PPPP.PP...#
####.##.P..PP).)...P......##
#.###....PP.PP.P.P.....#
#.#####.....P........###
#..## ###..P.P...#.### ##..#
######.......#


You could see a killer bee (berserk).

Vanquished Creatures
  Pikel (D:5)
  2 trolls
  Prince Ribbit (D:9)
  Sigmund (D:3)
  A wyvern (D:8)
  2 yaks (D:9)
  A steam dragon (D:8)
  A hippogriff (D:8)
  A hungry ghost (D:9)
  Eustachio (D:4)
  Edmund (D:6)
  Menkaure (D:5)
  2 soldier ants (D:8)
  Duvessa (D:3)
  A water moccasin (D:6)
  A porcupine (Lair:1)
  2 slaves (D:5)
  2 black bears
  An orc warrior (D:5)
  5 sky beasts
  A necrophage (D:8)
  4 ogres
  3 ice beasts
  3 wasps
  A phantom (D:5)
  A centaur (D:5)
  A big kobold (D:9)
  3 giant frogs
  2 scorpions
  Dowan (D:3)
  22 killer bees
  5 howler monkeys
  A centaur zombie (D:7)
  5 crimson imps
  A quasit (D:9)
  A giant frog zombie (D:8)
  2 jellies
  6 orc priests
  2 giant frog skeletons
  3 hounds
  11 orc wizards
  2 iguanas
  A worker ant (D:5)
  A hound zombie (D:5)
  A hound skeleton (D:7)
  A howler monkey zombie (D:4)
  A worker ant zombie (D:9)
  6 gnolls
  A howler monkey skeleton (D:9)
  A river rat (D:9)
  15 adders
  3 oozes
  An adder zombie (D:6)
  4 worms
  An adder skeleton (D:8)
  A dart slug (D:4)
  8 giant geckos
  25 orcs
  6 ball pythons
  15 bats
  10 giant cockroaches
  8 goblins
  6 hobgoblins
  3 jackals (D:5)
  18 kobolds
  5 quokkas
  A giant gecko skeleton (D:4)
  13 giant newts
  9 rats
275 creatures vanquished.

Vanquished Creatures (others)
  A slave (D:5)
  An orc wizard (D:3)
  8 fungi
  2 plants (D:9)
12 creatures vanquished.

Grand Total: 287 creatures vanquished

Notes
Turn   | Place    | Note
--------------------------------------------------------------
     0 | D:1      | MDvedh the Minotaur Gladiator began the quest for the Orb.
     0 | D:1      | Reached XP level 1. HP: 18/18 MP: 0/0
    85 | D:1      | Reached skill level 4 in Staves
   248 | D:1      | Reached XP level 2. HP: 25/25 MP: 1/1
   396 | D:1      | Reached skill level 5 in Staves
   628 | D:2      | Found a shattered altar of Ashenzari.
   686 | D:2      | Reached XP level 3. HP: 28/30 MP: 2/2
  1412 | D:3      | Reached skill level 6 in Staves
  1412 | D:3      | Reached XP level 4. HP: 24/37 MP: 3/3
  1902 | D:3      | Reached skill level 7 in Staves
  1902 | D:3      | Reached XP level 5. HP: 30/42 MP: 4/4
  2189 | D:3      | Noticed Sigmund
  2199 | D:3      | Killed Sigmund
  2199 | D:3      | Reached skill level 8 in Staves
  2199 | D:3      | Reached XP level 6. HP: 47/50 MP: 5/5
  2388 | D:3      | Found a bloodstained altar of Trog.
  2579 | D:4      | Noticed Eustachio
  2604 | D:4      | Killed Eustachio
  2604 | D:4      | Reached skill level 9 in Staves
  2681 | D:4      | Reached XP level 7. HP: 56/56 MP: 6/6
  2714 | D:4      | Found a basalt altar of Yredelemnul.
  2908 | D:4      | Noticed Duvessa
  2908 | D:4      | Noticed Dowan
  2917 | D:4      | Reached skill level 10 in Staves
  2922 | D:3      | Killed Dowan
  2924 | D:3      | Killed Duvessa
  3196 | D:4      | Found a burning altar of Makhleb.
  3205 | D:4      | Found a glowing golden altar of the Shining One.
  3209 | D:4      | Found a glowing silver altar of Zin.
  3496 | D:5      | Entered Level 5 of the Dungeon
  3496 | D:5      | Found a radiant altar of Vehumet.
  3496 | D:5      | Noticed Menkaure
  3532 | D:4      | Reached skill level 11 in Staves
  3905 | D:5      | Killed Menkaure
  3905 | D:5      | Reached XP level 8. HP: 29/62 MP: 7/7
  4168 | D:5      | Found a blossoming altar of Fedhas.
  4188 | D:5      | Noticed an oklob plant
  4336 | D:5      | Reached skill level 12 in Staves
  4526 | D:5      | Found a glowing drain.
  4559 | Sewer    | Entered a sewer
  4837 | D:5      | Noticed Pikel
  4949 | D:5      | Killed Pikel
  4949 | D:5      | Reached skill level 13 in Staves
  5253 | D:5      | Reached XP level 9. HP: 65/68 MP: 8/8
  5321 | D:5      | Reached skill level 14 in Staves
  5396 | D:5      | Reached skill level 1 in Armour
  5589 | D:5      | Noticed a troll
  5616 | D:5      | Killed a troll
  6072 | D:6      | Found a sparkling altar of Nemelex Xobeh.
  6080 | D:6      | Found an opulent altar of Gozag.
  6101 | D:6      | Became a worshipper of Gozag Ym Sagoz the Greedy
  6158 | D:6      | Found a staircase to the Ecumenical Temple.
  6212 | D:6      | Noticed Edmund
  6230 | D:6      | Killed Edmund
  6230 | D:6      | Reached skill level 5 in Dodging
  6727 | D:7      | Reached skill level 5 in Armour
  6745 | D:7      | Found a sacrificial altar of Ru.
  7430 | D:7      | Found a sparkling altar of Nemelex Xobeh.
  7456 | D:7      | Found an iron altar of Okawaru.
  7799 | D:8      | Reached XP level 10. HP: 58/74 MP: 9/9
  8654 | D:9      | Found a staircase to the Lair.
  8689 | D:9      | Noticed Prince Ribbit
  8720 | D:9      | Killed Prince Ribbit
  8731 | D:9      | Reached skill level 5 in Fighting
  8789 | D:9      | Found a glowing golden altar of the Shining One.
  9278 | D:9      | Found a white marble altar of Elyvilon.
  9296 | D:9      | Found a stormy altar of Qazlal.
  9570 | D:9      | Found a deep blue altar of Sif Muna.
  9667 | Lair:1   | Entered Level 1 of the Lair of Beasts
 10221 | D:9      | Reached XP level 11. HP: 14/91 MP: 10/10
 10228 | D:9      | Slain by a killer bee

Vault maps used:
D:1:      eino_arrival_druids_welcome
D:2:      lemuel_doored_altar, minivault_27, minivault_19
D:3:      lightli_temple_of_fire, uniq_sigmund
D:4:      yredelemnul_altar_generic, minmay_overflow_temple_star_quad,
          uniq_eustachio, uniq_duvessa
D:5:      lemuel_ice_spiral_2, vehumet_altar_wand_db, first_bread,
          gup_sewer_entry_glass, hex_intersection,
          hangedman_abyss_or_decor_passed, tgw_fedhas, uniq_pikel, uniq_menkaure
D:6:      lemuel_crystal_altar, minmay_temple_entry_poolview,
          serial_corexii_hall, corexii_hall_statues_u, corexii_hall_statues_t,
          lemuel_statue_altar, uniq_edmund
D:7:      nemelex_xobeh_ov_fountains_minmay, kennysheep_okawaru_gauntlet,
          nicolae_ru_great_annihilating_truth, kennysheep_generic_room_16
D:8:      hangedman_pestilent_swarm
D:9:      lemuel_coloured_pillars_altar, minitemple,
          due_lair_maze_entry_diamond, tso_altar, uniq_prince_ribbit1
Sewer:    sewer_frog_island_01

Skill      XL: |  1  2  3  4  5  6  7  8  9 10 |
---------------+-------------------------------+-----
Staves         | 4 5 6 7 8 9 11 13 14 | 14.0
Armour         | 6 9 |  9.3
Dodging        | 6 9 |  9.1
Fighting       | 6 |  6.5
Throwing       | |  2.0

Action                   |  1- 3 |  4- 6 |  7- 9 | 10-12 || total
-------------------------+-------+-------+-------+-------++-------
Melee: Quarterstaff      |    77 |    96 |   380 |   314 ||   867
Throw: Throwing net      |     1 |     4 |       |       ||     5
  Use: Scroll            |       |     3 |     3 |    12 ||    18
       Potion            |       |       |     4 |     1 ||     5
 Stab: Paralysed         |       |       |     1 |       ||     1
       Distracted        |       |       |       |     3 ||     3
  Eat: Chunk             |     1 |     4 |     5 |       ||    10
       Meat ration       |       |       |     1 |       ||     1
       Beef jerky        |       |       |     2 |     3 ||     5
       Bread ration      |       |       |     2 |       ||     2
       Royal jelly       |       |       |     1 |     1 ||     2
       Fruit             |       |       |     1 |       ||     1
